Map: Kairos Junction LE

Players

Special - Winner!

  • Race: Terran Terran
  • League: Master
  • Spawn Location: 11:00

ShoWTimE

  • Race: Protoss Protoss
  • Spawn Location: 5:00

Event: 2019 WCS Spring

VOD

Have the link to the VOD?

Description

Time

  • Played on: May 19, 2019, 7:46 a.m.
  • Length: 10:28

All games in this series

Show
View Real Time Build Order
Export as new Build Order

Special Terran - Winner!

Build Orders:  

Get SALT Encoding   

  12  0:00  SCV  
  13  0:12  SCV  
  14  0:18  Supply Depot  
  14  0:24  SCV  
  15  0:39  SCV  
  15  0:40  Barracks  
  16  0:45  Refinery  
  16  0:51  SCV  
  16  0:55  Refinery  
  17  1:03  SCV  
  18  1:16  SCV  
  19  1:28  SCV  
  19  1:43  Reaper, Orbital Command  
  20  1:50  Factory  
  20  1:56  Supply Depot  
  20  2:10  SCV  
  20  2:15  Reaper  
  22  2:22  SCV  
  23  2:36  Hellion  
  25  2:40  SCV, Command Center  
  26  2:52  SCV  
  27  2:59  Factory Tech Lab  
  27  3:06  SCV  
  27  3:10  Supply Depot  
  27  3:11  Barracks  
  28  3:16  Barracks  
  28  3:18  Cyclone  
  31  3:31  SCV  
  31  3:37  Supply Depot  
  31  3:43  SCV  
  32  3:51  Barracks Reactor  
  32  3:55  SCV  
  33  3:56  Siege Tank  
  36  4:05  Starport, Marine  
  36  4:07  SCV  
  38  4:10  Marine  
  39  4:19  SCV  
  40  4:24  Orbital Command  
  40  4:28  Marine x4  
  40  4:30  Siege Tank  
  47  4:31  SCV  
  48  4:40  Liberator  
  48  4:43  SCV, Supply Depot  
  49  4:45  Marine  
  49  4:46  Marine x2  
  49  4:47  Barracks Tech Lab  
  49  4:49  SCV  
  53  4:56  SCV  
  57  5:04  SCV  
  58  5:07  Marine x3  
  58  5:08  SCV, Marine  
  58  5:13  Combat Shield  
  63  5:18  SCV  
  63  5:19  Supply Depot  
  63  5:20  SCV  
  65  5:24  Siege Tank  
  66  5:28  Marine x2  
  66  5:29  Marine  
  66  5:31  SCV  
  70  5:41  SCV, Marine  
  72  5:43  Supply Depot  
  72  5:45  Medivac  
  72  5:46  Marine x2  
  72  5:49  SCV  
  77  5:53  SCV  
  78  6:04  SCV, Marine x4  
  78  6:05  SCV  
  84  6:11  Siege Tank  
  84  6:17  SCV x2  
  86  6:22  Marine  
  86  6:24  Marine  
  85  6:29  SCV  
  86  6:42  Supply Depot  
  86  6:43  Supply Depot  
  86  6:44  Marine x4, Supply Depot  
  86  6:45  SCV, Siege Tank  
  94  6:56  Bunker  
  93  7:02  Marine  
  93  7:04  Bunker x2, Marine x3  
  97  7:16  SCV  
  97  7:17  Siege Tank  
  97  7:20  Marine  
  97  7:21  Marine x2  
  103  7:23  Marine  
  103  7:25  Liberator  
  98  7:33  SCV  
  96  7:38  Marine  
  96  7:39  Marine x2  
  96  7:40  Marine  
  96  7:43  SCV  
  100  7:56  Marine  
  100  7:57  Marine x2  
  102  7:58  SCV, Marine  
  102  7:59  SCV  
  102  8:04  Siege Tank  
  108  8:10  Refinery  
  108  8:11  SCV  
  106  8:13  Marine  
  106  8:15  Marine x2  
  106  8:16  Marine  
  106  8:17  SCV  
  111  8:23  SCV  
  111  8:31  SCV, Marine  
  111  8:33  Marine x2  
  112  8:34  Marine  
  112  8:40  Viking  
  115  8:46  Bunker  
  115  8:48  Engineering Bay  
  115  8:51  Siege Tank  
  115  8:52  Supply Depot  
  118  8:56  Barracks Tech Lab  
  118  9:12  Starport Reactor, Supply Depot  
  118  9:14  Marauder, Marine x2  
  118  9:16  Marauder  
  124  9:20  Supply Depot  
  124  9:26  Missile Turret  
  124  9:32  Refinery  
  124  9:38  Supply Depot  
  124  9:39  Marine x3  
  124  9:40  Marine  
  127  9:56  Marine, Supply Depot  
  127  9:57  Marauder  
  104  10:07  Marine  
  104  10:08  SCV  
  104  10:10  SCV  
Show
View Real Time Build Order
Export as new Build Order

ShoWTimE Protoss 

Build Orders: 1 Gate Expand, Colossus Rush 

Get SALT Encoding   

  12  0:00  Probe  
  13  0:12  Probe  
  14  0:17  Pylon  
  14  0:24  Probe  
  15  0:32  Probe  
  15  0:37  Gateway  
  15  0:40  Probe  
  16  0:46  Assimilator  
  17  0:51  Probe  
  18  1:03  Probe  
  19  1:15  Probe  
  20  1:28  Cybernetics Core  
  20  1:34  Nexus  
  20  1:39  Pylon  
  20  1:42  Zealot  
  22  1:49  Probe  
  23  1:57  Assimilator  
  23  1:59  Adept  
  23  2:01  Probe  
  24  2:08  Warp Gate  
  24  2:13  Probe  
  27  2:22  Stalker  
  27  2:25  Probe  
  30  2:37  Probe  
  30  2:42  Probe, Robotics Facility  
  31  2:49  Probe  
  31  2:50  Probe  
  33  2:52  Stalker  
  36  3:01  Probe x2  
  37  3:13  Probe x2  
  39  3:22  Gateway  
  39  3:25  Probe x2  
  39  3:26  Gateway  
  41  3:35  Warp Prism  
  41  3:37  Probe x2  
  41  3:40  Pylon  
  45  3:49  Probe  
  46  3:58  Probe  
  46  4:01  Probe  
  46  4:02  Pylon  
  46  4:03  Stalker  
  48  4:10  Probe  
  48  4:13  Probe  
  48  4:18  Observer, Pylon  
  48  4:19  Stalker  
  48  4:20  Stalker  
  48  4:23  Probe  
  54  4:26  Stalker, Probe  
  57  4:32  Assimilator  
  57  4:34  Assimilator  
  57  4:35  Probe  
  58  4:39  Robotics Bay  
  58  4:42  Probe  
  58  4:45  Stalker x2  
  63  4:50  Observer  
  61  4:55  Probe x2, Forge  
  64  5:06  Immortal  
  64  5:10  Pylon  
  64  5:15  Pylon  
  68  5:29  Extended Thermal Lance  
  68  5:32  Probe x2  
  68  5:35  Stalker, Sentry  
  73  5:44  Protoss Ground Weapons Level 1  
  73  5:49  Colossus  
  73  5:50  Probe x2  
  73  5:54  Gateway  
  73  5:55  Gateway  
  81  5:57  Gateway  
  81  6:04  Stalker  
  81  6:10  Pylon  
  82  6:15  Probe  
  82  6:18  Shield Battery  
  81  6:22  Shield Battery  
  81  6:25  Stalker x2  
  81  6:28  Probe  
  81  6:31  Colossus  
  82  6:37  Pylon  
  80  6:42  Adept  
  80  6:46  Pylon, Gateway  
  88  6:51  Adept  
  90  7:01  Pylon  
  89  7:15  Adept  
  91  7:19  Shield Battery  
  91  7:28  Shield Battery  
  88  7:34  Shield Battery  
  88  7:39  Adept x2  
  88  7:44  Pylon  
  91  7:46  Pylon  
  91  7:47  Pylon  
  91  7:49  Pylon  
  88  7:56  Pylon  
  88  7:57  Pylon  
  83  8:13  Adept x3  
  83  8:17  Robotics Facility  
  89  8:20  Gateway  
  89  8:21  Gateway  
  77  8:42  Adept x3  
  83  8:52  Colossus  
  89  9:26  Cybernetics Core  
  89  9:29  Zealot x3  
  89  9:30  Zealot x2  
  99  9:33  Pylon  
Tags
 
Add a new tag
Caveats
  • Supply blocks, unpowered buildings, or Contaminate may cause inaccurate times.
  • Supply counts are checked every 10 seconds.